 Dungeon Sprint DCSS version 0.28-a0-1638-g9123634e07 (webtiles) character file.

Game seed: 15708986082778818690

13234 DarkBird the Earth Mage (level 12, -4/67 HPs)
             Began as a Gargoyle Earth Elementalist on Jan 25, 2022.
             Was a Believer of Jiyva.
             Slain by an orc knight (21 damage)
             ... in the Dungeon (Sprint IX: "|||||||||||||||||||||||||||||").
             The game lasted 00:17:32 (2309 turns).

DarkBird the Earth Mage (GrEE)                      Turns: 2309, Time: 00:17:32

Health: -4/67      AC: 15    Str: 14    XL:     12   Next: 3%
Magic:  4/29       EV: 19    Int: 17    God:    Jiyva [**....]
Gold:   1621       SH:  0    Dex: 12    Spells: 28/38 levels left

rFire   . . .      SeeInvis .   m - +2 dire flail (vorpal)
rCold   . . .      Faith    .   (shield currently unavailable)
rNeg    + . .      Spirit   .   v - +2 robe
rPois   ∞          Reflect  .   p - +0 helmet
rElec   +          Harm     .   t - +0 cloak
rCorr   +          Rampage  .   o - +0 pair of gloves
Will    .....      Clarity  +   j - +0 pair of boots
Stlth   +++++..... NoTele   +   (no amulet)
HPRegen 1.17/turn               r - +2 ring of evasion
MPRegen 0.51/turn               q - +2 ring of evasion

@: unable to read
A: sickness immunity, AC +8, negative energy resistance 1, electricity
resistance, torment resistance 1, petrification resistance, clarity, deformed
body, inability to read while threatened
a: Renounce Religion


You were in the Dungeon.
You worshipped Jiyva.
Jiyva was pleased with you.
You visited 1 branch You collected 1621 gold pieces.

Inventory:

Hand Weapons
 a - a +0 whip
 m - a +2 vorpal dire flail (weapon)
 n - a +2 scimitar of flaming
Missiles
 d - 14 arrows
Armour
 b - a +0 robe
 j - a +0 pair of boots (worn)
 o - a +0 pair of gloves (worn)
 p - a +0 helmet (worn)
 t - a +0 cloak (worn)
 u - a +0 helmet
 v - a +2 robe (worn)
Jewellery
 q - a +2 ring of evasion (right hand)
 r - a +2 ring of evasion (left hand)
Wands
 l - a wand of iceblast (6)
Scrolls
 e - a scroll of fear
 f - 2 scrolls of fog
 h - 3 scrolls of blinking
 k - 2 scrolls of amnesia
 s - a scroll of identify
Potions
 g - 3 potions of berserk rage


   Skills:
 + Level 4.7 Fighting
 * Level 9.7 Maces & Flails
 * Level 8.6 Dodging
 * Level 13.3 Stealth
 + Level 2.6 Unarmed Combat
 * Level 13.8 Spellcasting
 * Level 9.1 Conjurations
 * Level 6.3 Transmutations
 * Level 17.9 Earth Magic
 + Level 0.9 Evocations


You had 28 spell levels left.
You knew the following spells:

 Your Spells              Type           Power      Damage    Failure   Level
a - Sandblast             Erth           100%       2d20      0%          1
b - Passwall              Tmut/Erth      43%        N/A       1%          2
c - Stone Arrow           Conj/Erth      100%       3d13      1%          3
d - Petrify               Tmut/Erth      52%        N/A       1%          4

Your spell library contained the following spells:

 Spells                   Type           Power      Damage    Failure   Level


Dungeon Overview and Level Annotations

Branches:
Dungeon (1/1)

Altars:
Cheibriados
Dithmenos
Elyvilon
Fedhas
Gozag
Hepliaklqana
Kikubaaqudgha
Makhleb
Nemelex Xobeh
Okawaru
Qazlal
Ru
Sif Muna
Trog
Uskayaw
Vehumet
Wu Jian
Xom
Yredelemnul
Zin
The Shining One
Beogh
Jiyva
Lugonu

Shops:
D =*(=


Innate Abilities, Weirdness & Mutations

You are immune to sickness and miasma.
Your stone body is resilient. (AC +8)
You are immune to poison.
You resist negative energy. (rN+)
You are resistant to electric shocks. (rElec)
You are resistant to unholy torment.
You are immune to petrification.
You possess an exceptional clarity of mind.
Armour fits poorly on your strangely shaped body.
You sometimes lose the ability to read scrolls when taking damage.


Message History

Aim: an orc knight, wielding a +0 glaive and wearing a +0 plate armour (78% to hit)
The stone arrow hits the orc knight!
The orc knight is moderately wounded.
You can read scrolls again.
The orc knight closely misses you.
Aiming: Stone Arrow (safe; 1% risk of failure)
Press: ? - help, Q - select action, (/) - cycle Shift-Dir - straight line, f/p - orc knight
Aim: an orc knight, wielding a +0 glaive and wearing a +0 plate armour (moderately wounded, 78% to hit)
The stone arrow hits the orc knight!
The orc knight is moderately wounded.
The orc knight closely misses you.
Aiming: Stone Arrow (safe; 1% risk of failure)
Press: ? - help, Q - select action, (/) - cycle Shift-Dir - straight line, f/p - orc knight
Aim: an orc knight, wielding a +0 glaive and wearing a +0 plate armour (moderately wounded, 78% to hit)
The stone arrow hits the orc knight!
The orc knight is heavily wounded.
The orc knight misses you.
You puncture the orc knight!
The orc knight is severely wounded.
The orc knight closely misses you.
You closely miss the orc knight.
The orc knight is severely wounded.
The orc knight completely misses you.
You hit the orc knight.
The orc knight is severely wounded.
The orc knight hits you with a +0 glaive!
You feel threatened and lose the ability to read scrolls!
You sock the orc knight!
The orc knight is almost dead.
You closely miss the orc knight.
The orc knight is almost dead.
The orc knight barely misses you.
You closely miss the orc knight.
The orc knight is almost dead.
The orc knight hits you with a +0 glaive!
* * * LOW HITPOINT WARNING * * *
You hit the orc knight but do no damage.
The orc knight is almost dead.
The orc knight hits you with a +0 glaive!!
You die...

▓..'......)......÷..[...)..'_____
▓.▓▓▓▓▓▓▓▓▓▓▓▓▓▓▓▓▓▓▓▓▓▓▓▓▓▓▓▓▓▓▓
▓................................
▓▓▓▓▓▓▓▓▓▓▓▓▓▓▓▓▓▓▓▓▓▓▓▓▓▓▓▓▓▓▓▓▓
▓....'..[.....'.)....†.....'.....
▓.▓▓▓▓▓▓▓▓▓▓▓▓▓▓▓▓▓▓▓▓▓▓▓▓▓▓▓▓▓▓▓
▓................................
▓▓▓▓▓▓▓▓▓▓▓▓▓▓▓▓▓▓▓▓▓▓▓▓▓▓▓▓▓▓▓▓▓
+..$oo@.∩.∩$∩.....').).
▓▓▓▓▓▓▓▓▓▓▓▓▓▓▓▓▓▓▓▓▓▓▓


You could see an orc knight and an orc (strong).

Vanquished Creatures
  Josephine (D)
  A hydra (D)
  An orc high priest (D)
  A tengu warrior (D)
  2 lindwurms (D)
  4 orc knights (D)
  4 orc sorcerers (D)
  A cyclops (D)
  A black mamba (D)
  3 cane toads (D)
  3 rime drakes (D)
  A troll (D)
  2 tyrant leeches (D)
  A vampire (D)
  5 wraiths (D)
  5 yaks (D)
  A basilisk (D)
  An acid dragon (D)
  4 water moccasins (D)
  9 orc warriors (D)
  An ogre (D)
  A wolf (D)
  A bullfrog (D)
  5 orc priests (D)
  An iguana (D)
  An orc wizard (D)
  A gnoll (D)
  A shadow imp (D)
  4 worms (D)
  12 orcs (D)
  A bat skeleton (D)
  An endoplasm (D)
  A goblin (D)
  A ball python zombie (D)
  A frilled lizard (D)
  A giant cockroach zombie (D)
  A rat (D)
86 creatures vanquished.

Vanquished Creatures (others)
  A slime creature (D)
  A slime creature (shapeshifter) (D)
  A shadow (D)
  An acid dragon (D)
  17 jellies (D)
21 creatures vanquished.

Grand Total: 107 creatures vanquished

Notes
Turn   | Place    | Note
-------+----------+-------------------------------------------
     0 | D        | DarkBird the Gargoyle Earth Elementalist began the quest
                  | for the Orb.
     0 | D        | Reached XP level 1. HP: 10/10 MP: 3/3
    11 | D        | Reached skill level 4 in Earth Magic
    11 | D        | Reached XP level 2. HP: 12/15 MP: 1/5
    23 | D        | Reached skill level 5 in Earth Magic
    87 | D        | Noticed an ogre
    97 | D        | Reached skill level 6 in Earth Magic
    97 | D        | Reached XP level 3. HP: 11/19 MP: 0/8
   103 | D        | Killed an ogre
   104 | D        | Reached skill level 1 in Unarmed Combat
   104 | D        | Reached skill level 5 in Spellcasting
   104 | D        | Reached skill level 8 in Earth Magic
   104 | D        | Reached XP level 4. HP: 24/24 MP: 3/11
   104 | D        | Reached XP level 5. HP: 28/28 MP: 3/12
   185 | D        | Found a snail-covered altar of Cheibriados.
   185 | D        | Found a shadowy altar of Dithmenos.
   185 | D        | Found a white marble altar of Elyvilon.
   185 | D        | Found a blossoming altar of Fedhas.
   185 | D        | Found an opulent altar of Gozag.
   186 | D        | Found a hazy altar of Hepliaklqana.
   187 | D        | Found a viscous altar of Jiyva.
   188 | D        | Found an ancient bone altar of Kikubaaqudgha.
   189 | D        | Found a corrupted altar of Lugonu.
   190 | D        | Found a burning altar of Makhleb.
   191 | D        | Found a sparkling altar of Nemelex Xobeh.
   192 | D        | Found an iron altar of Okawaru.
   193 | D        | Found a stormy altar of Qazlal.
   194 | D        | Found a sacrificial altar of Ru.
   195 | D        | Became a worshipper of Jiyva Jixzuan the Shapeless
   196 | D        | Found a shimmering blue altar of Sif Muna.
   197 | D        | Found a bloodstained altar of Trog.
   198 | D        | Found a hide-covered altar of Uskayaw.
   198 | D        | Killed a slime creature
   199 | D        | Found a radiant altar of Vehumet.
   200 | D        | Found an ornate altar of the Wu Jian Council.
   201 | D        | Found a shimmering altar of Xom.
   202 | D        | Found a basalt altar of Yredelemnul.
   203 | D        | Found a glowing silver altar of Zin.
   204 | D        | Found a glowing golden altar of the Shining One.
   234 | D        | Noticed a troll
   234 | D        | Noticed a yak
   234 | D        | Noticed a shadow
   234 | D        | Noticed an acid dragon
   234 | D        | Noticed a yak
   239 | D        | Learned a level 2 spell: Passwall
   243 | D        | Learned a level 3 spell: Stone Arrow
   248 | D        | Learned a level 4 spell: Petrify
   265 | D        | Killed a yak
   266 | D        | Reached skill level 5 in Stealth
   266 | D        | Reached skill level 10 in Earth Magic
   266 | D        | Reached XP level 6. HP: 15/33 MP: 1/15
   273 | D        | Killed a shadow
   275 | D        | Killed an acid dragon
   276 | D        | Reached skill level 1 in Maces & Flails
   276 | D        | Reached skill level 11 in Earth Magic
   276 | D        | Reached XP level 7. HP: 22/37 MP: 4/18
   280 | D        | Killed a yak
   281 | D        | Reached skill level 12 in Earth Magic
   286 | D        | Killed a troll
   287 | D        | Reached skill level 5 in Dodging
   287 | D        | Reached skill level 1 in Conjurations
   295 | D        | Noticed a tengu warrior
   295 | D        | Noticed a water nymph
   295 | D        | Noticed a cyclops
   295 | D        | Noticed a vampire
   416 | D        | Noticed a slime creature
   419 | D        | Killed a vampire
   419 | D        | Killed a slime creature
   420 | D        | Reached skill level 13 in Earth Magic
   420 | D        | Reached XP level 8. HP: 26/42 MP: 17/21
   422 | D        | Killed a cyclops
   423 | D        | Reached skill level 10 in Spellcasting
   472 | D        | Killed a tengu warrior
   473 | D        | Reached skill level 1 in Fighting
   473 | D        | Reached skill level 1 in Transmutations
   473 | D        | Reached skill level 14 in Earth Magic
   473 | D        | Reached XP level 9. HP: 19/47 MP: 0/23
   763 | D        | Reached * piety under Jiyva
   864 | D        | Gained mutation: Armour fits poorly on your strangely
                  | shaped body. [potion of mutation]
   864 | D        | Gained mutation: You possess an exceptional clarity of
                  | mind. [potion of mutation]
   864 | D        | Gained mutation: You sometimes lose the ability to read
                  | scrolls when taking damage. [potion of mutation]
   871 | D        | Noticed a four-headed hydra
   871 | D        | Noticed a black mamba
   872 | D        | Noticed a rime drake
   878 | D        | Killed a black mamba
   892 | D        | Killed a four-headed hydra
   893 | D        | Reached skill level 15 in Earth Magic
   898 | D        | Noticed a rime drake
   917 | D        | Reached skill level 5 in Conjurations
   923 | D        | Reached XP level 10. HP: 38/53 MP: 6/25
   930 | D        | Noticed a cane toad
   938 | D        | Reached skill level 5 in Maces & Flails
   938 | D        | Killed a cane toad
   939 | D        | Reached skill level 16 in Earth Magic
  1003 | D        | Noticed a cane toad
  1009 | D        | Reached skill level 10 in Stealth
  1013 | D        | Noticed a cane toad
  1022 | D        | Killed a cane toad
  1039 | D        | Killed a cane toad
  1261 | D        | Noticed a lindwurm
  1261 | D        | Noticed a lindwurm
  1266 | D        | Killed a lindwurm
  1287 | D        | Killed a lindwurm
  1288 | D        | Reached XP level 11. HP: 11/61 MP: 0/27
  1552 | D        | Reached ** piety under Jiyva
  1593 | D        | Noticed Josephine
  1623 | D        | Killed Josephine
  1624 | D        | Reached skill level 5 in Transmutations
  1624 | D        | Reached skill level 17 in Earth Magic
  1829 | D        | Noticed an orc sorcerer
  1829 | D        | Noticed an orc knight
  1839 | D        | Killed an orc knight
  1853 | D        | Noticed an orc high priest
  1854 | D        | Killed an orc sorcerer
  1856 | D        | Noticed an orc sorcerer
  1868 | D        | Noticed a sixfirhy
  1870 | D        | Killed an orc high priest
  1874 | D        | Killed an orc sorcerer
  1882 | D        | Noticed an orc knight
  1901 | D        | Killed an orc knight
  2022 | D        | Found Caubroeps's Jewellery Boutique.
  2022 | D        | Noticed an orc sorcerer
  2022 | D        | Noticed an orc knight
  2022 | D        | Noticed an orc knight
  2043 | D        | Killed an orc knight
  2062 | D        | Noticed a sun demon
  2063 | D        | Noticed a sixfirhy
  2071 | D        | Noticed a sixfirhy
  2109 | D        | Killed an orc knight
  2116 | D        | Killed an orc sorcerer
  2258 | D        | Found Okairej's Antique Weapon Shop.
  2262 | D        | Found Muocun's General Store.
  2266 | D        | Found Zasyph's Jewellery Shop.
  2269 | D        | Noticed an orc sorcerer
  2272 | D        | Noticed an orc knight
  2292 | D        | Killed an orc sorcerer
  2293 | D        | Reached XP level 12. HP: 41/67 MP: 13/29
  2309 | D        | Slain by an orc knight

Illustrated notes

Levels and vault maps discovered:
D:        linesprint [early_d, line_temple, items_1, d_10, items_2, lair_1,
          lair_end, items_3, orc_1, orc_end, items_4, d_15, swamp_1, shoals_1,
          snake_1, spider_1, d_20, vaults_1, items_5, swamp_end, shoals_end,
          snake_end, spider_end, vaults_end, d_27, items_6, zot_1, zot_end,
          crypt_end, forest_end, elf_end, slime_end, tomb_end, abyss_end,
          pan_hell_end]

Skill      XL: |  1  2  3  4  5  6  7  8  9 10 11 |
---------------+----------------------------------+-----
Stealth        | 3 4 5 6 7 8 9 10 13 | 13.3
Earth Magic    | 4 6 8 10 11 13 14 15 16 17 | 17.9
Spellcasting   | 3 5 6 7 9 10 11 12 13 | 13.8
Dodging        | 2 3 4 5 6 7 8 |  8.6
Unarmed Combat | 1 2 |  2.6
Maces & Flails | 1 2 4 7 9 |  9.7
Conjurations   | 1 3 5 7 9 |  9.1
Fighting       | 1 2 4 |  4.7
Transmutations | 1 2 4 6 |  6.3
Evocations     | |  0.9

Action                   |  1- 3 |  4- 6 |  7- 9 | 10-12 || total
-------------------------+-------+-------+-------+-------++-------
Melee: Unarmed           |    16 |       |       |       ||    16
       Whip              |     2 |       |       |       ||     2
       Dire flail        |       |     5 |    35 |   190 ||   230
 Cast: Sandblast         |    14 |     2 |     6 |     8 ||    30
       Stone Arrow       |       |     6 |    24 |    90 ||   120
       Petrify           |       |       |     4 |    33 ||    37
Evoke: Wand              |       |       |     2 |     2 ||     4
  Use: Potion            |     2 |     4 |     9 |     5 ||    20
       Scroll            |       |       |     1 |       ||     1
 Stab: Petrified         |       |       |     1 |    45 ||    46
       Petrifying        |       |       |       |     4 ||     4
       Sleeping          |       |       |       |     1 ||     1
Armor: Robe              |     3 |     2 |    12 |    31 ||    48
Dodge: Dodged            |    16 |    13 |    53 |   122 ||   204

Table legend: (Time is in decaauts)
 A = Elapsed time spent in this place.
 B = Non-inter-level travel time spent in this place.
 C = Inter-level travel time spent in this place.
 D = Time resting spent in this place.
 E = Time spent auto-exploring this place.
 F = Levels seen in this place.
 G = Mean time per level.
                   A        B        C        D        E       F      G
               +--------+--------+--------+--------+--------+-----+--------+
         Total |   2268 |   2261 |      7 |   1150 |    233 |   1 | 2268.0 |
       Dungeon |   2268 |   2261 |      7 |   1150 |    233 |   1 | 2268.0 |
               +--------+--------+--------+--------+--------+-----+--------+

Top non-repeatable levels by time:
       D: 2268 daAuts
